 Dungeon Crawl Stone Soup version 0.31-a0-188-g5e087ee2ca (webtiles) character file.

Game seed: 15083973388024453243

2072 qw the Skirmisher (level 9, 0/50 HPs)
             Began as a Deep Elf Hunter on June 23, 2023.
             Was a Follower of Okawaru.
             Slain by an orc
             ... wielding a +4 whip
              (1 damage)
             ... on level 7 of the Dungeon.
             The game lasted 00:02:19 (6123 turns).

qw the Skirmisher (Deep Elf Hunter)                 Turns: 6123, Time: 00:02:20

Health: 0/50       AC:  4    Str: 12    XL:     9   Next: 5%
Magic:  11/13      EV: 23    Int: 10    God:    Okawaru [*.....]
Gold:   297        SH:  0    Dex: 24    Spells: 8/8 levels left

rFire   + + .        Y - +0 arbalest (freeze)
rCold   . . .        (shield currently unavailable)
rNeg    . . .        e - +2 animal skin "Huugean" {+Inv rPois rF+ Int-5}
rPois   +            (helmet restricted)
rElec   .            (no cloak)
rCorr   .            (no gloves)
SInv    .            (no boots)
Will    .....        h - amulet of regeneration
Stlth   ++++         g - +6 ring of dexterity
HPRegen 1.08/turn    (no ring)
MPRegen 0.13/turn

%: no passive effects
@: heroic
A: beak, fire resistance 1, wild magic 1, MP-powered wands
a: Renounce Religion, Evoke Invisibility, Heroism


You were on level 7 of the Dungeon.
You worshipped Okawaru.
Okawaru was aware of your devotion.
You visited 2 branches of the dungeon, and saw 9 of its levels.

You collected 398 gold pieces.
You spent 101 gold pieces at shops.


Innate Abilities, Weirdness & Mutations

You have a beak for a mouth.
Your flesh is heat resistant. (rF+)
Your spells are a little harder to cast, but a little more powerful.
You expend magic power (3 MP) to strengthen your wands.


   Skills:
 - Level 3.1(8.1) Fighting
 + Level 13.0(18.0) Ranged Weapons
 - Level 7.1(12.1) Dodging
 - Level 1.2(6.2) Stealth
 + Level 3.9 Invocations


You had 8 spell levels left.
You didn't know any spells.
Your spell library was empty.

Inventory:

Hand Weapons
 Y - a +0 arbalest of freezing (weapon)
Armour
 e - the +2 animal skin "Huugean" (worn) {+Inv rPois rF+ Int-5}
   (You found it on level 3 of the Dungeon)

   Int:       It affects your intelligence (-5).
   rF:        It protects you from fire.
   rPois:     It protects you from poison.
   +Inv:      It lets you turn invisible.
 n - a +1 ring mail of positive energy
Jewellery
 g - a +6 ring of dexterity (left hand)
 h - an amulet of regeneration (around neck)
Wands
 c - a wand of digging (9)
Scrolls
 b - a scroll of identify
Potions
 a - 2 potions of resistance
 d - a potion of cancellation
 f - 4 potions of enlightenment
 i - a potion of invisibility {unknown}
 j - a potion of mutation

Dungeon Overview and Level Annotations

Branches:
Dungeon (8/15)             Temple (1/1) D:5
   Lair: D:8-11

Altars:
Ashenzari
Cheibriados
Dithmenos
Elyvilon
Fedhas
Gozag
Kikubaaqudgha
Okawaru
Qazlal
Ru
Sif Muna
Trog
Vehumet
Wu Jian
Xom
Yredelemnul
The Shining One

Shops:
D:2 (

Annotations:
D:4 1 runed translucent door, Crazy Yiuf
D:8 Maggie


Message History

You shoot a bolt.
Maggie shouts!
The bolt hits the centaur but does no damage.
The centaur is almost dead.
The centaur closely misses you. The centaur barely misses you.
The orc wizard hits you with a +0 dagger.
The orc wizard mumbles some strange words.
The orc wizard flickers and vanishes!
Deactivating autopickup; reactivate with Ctrl-A.
The orc barely misses you.
A wight comes into view.
It is wielding a +0 war axe and wearing a +2 robe of cold resistance.
The orc warrior completely misses you.
You shoot a bolt. The bolt hits the centaur.
The bolt freezes the centaur.
You kill the centaur!
Okawaru accepts your kill. The bullfrog closely misses you.
You hear some strange, mumbled words.
A magic dart appears from out of thin air!
The magic dart hits you! The orc misses you.
The orc warrior completely misses you.
The orc wizard hits you with a +0 dagger.
Your base Dodging skill increases to level 7!
6121 ||| STAIRDANCE The bullfrog completely misses you.
Something hits you. The orc hits you with a +4 whip.
The orc warrior completely misses you.
The orc wizard gestures at you while chanting.
The puff of flame hits you. You resist.
You climb upwards.
Reactivating autopickup.
There is a stone staircase leading down here.
You shoot a bolt.
The bolt hits the orc warrior but does no damage.
The bullfrog completely misses you. The bullfrog hits you.
The orc warrior closely misses you.
You hear some strange, mumbled words.
A magic dart appears from out of thin air!
Deactivating autopickup; reactivate with Ctrl-A.
The magic dart hits you. The orc wizard barely misses you.
The orc hits you with a +4 whip.
You die...

#########...#...#.
#####...............#.
#.....###..##....###..
#.....# #.#.....#...#.
#.....###.#...###...#.
#.....#...##.#..#...#.
#.....#.####.#...###..
#...F{o.####.#.....#..
#...o@o.......###...##
###########..#...#....
#.......#...###..
##.......#...#..#.
#.........###...#.
#.###.#...#.....#. #.#
#..###...###.. #.#
##......#...#. #.#
#....###...#.


You could see an orc warrior, a bullfrog, an orc wizard and an orc.

Vanquished Creatures
  A wyvern (D:8)
  A water moccasin (D:4)
  2 sky beasts (D:7)
  A black bear (D:7)
  An ogre (D:5)
  2 centaurs
  A bullfrog (D:7)
  A gnoll sergeant (D:5)
  5 scorpions
  A howler monkey (D:7)
  A quasit (D:5)
  3 hounds
  3 orc priests
  2 gnoll boudas
  Jessica (D:2)
  4 iguanas
  Terence (D:2)
  Ijyb (D:3)
  An orc wizard (D:7)
  17 gnolls
  9 adders
  3 shadow imps
  3 white imps
  3 ufetubi
  A worm (D:5)
  3 dart slugs
  27 orcs
  9 endoplasms
  4 giant cockroaches
  5 goblins
  5 hobgoblins
  9 jackals
  8 kobolds
  4 quokkas
  8 ball pythons
  6 bats
  A frilled lizard (D:3)
  5 rats
163 creatures vanquished.

Notes
Turn   | Place    | Note
-------+----------+-------------------------------------------
     0 | D:1      | qw the Deep Elf Hunter began the quest for the Orb.
     0 | D:1      | Reached XP level 1. HP: 12/12 MP: 3/3
     0 | D:1      | 0 ||| qw: Version: 0.3-a-9-g12657ce
     0 | D:1      | 0 ||| qw: Game counter: 3920
     0 | D:1      | 0 ||| qw: Always use a shield: true
     0 | D:1      | 0 ||| qw: God list: Okawaru
     0 | D:1      | 0 ||| qw: Allow faded altars: false
     0 | D:1      | 0 ||| qw: Do Orc after D:15 true
     0 | D:1      | 0 ||| qw: Do second Lair branch before Depths: true
     0 | D:1      | 0 ||| qw: Lair rune preference: random
     0 | D:1      | 0 ||| qw: Plans: Normal
     0 | D:1      | 0 ||| PLANNING D:1-11
   261 | D:1      | Reached skill level 6 in Ranged Weapons
   261 | D:1      | Reached XP level 2. HP: 9/16 MP: 4/4
   524 | D:1      | Reached XP level 3. HP: 11/20 MP: 5/5
   771 | D:1      | 771 ||| UPGRADING to +0 ring mail.
   781 | D:1      | 781 ||| DROPPING +0 leather armour.
   782 | D:1      | 782 ||| READING scroll labelled KUVUISH VUFU.
   783 | D:1      | 783 ||| READING scroll labelled OLOUWU IHACZILACH.
   784 | D:1      | 784 ||| READING scroll labelled VETWYI SEMN.
   785 | D:1      | 785 ||| READING scroll labelled KEOQ OPROFIRING.
   789 | D:1      | 789 ||| DRINKING 2 amethyst potions.
   790 | D:1      | 790 ||| DRINKING 3 bubbling inky potions.
   791 | D:1      | 791 ||| DROPPING scroll of butterflies.
   792 | D:1      | 792 ||| DROPPING potion of brilliance.
   900 | D:2      | Found a bloodstained altar of Trog.
   924 | D:2      | Reached skill level 7 in Ranged Weapons
  1534 | D:2      | Noticed Jessica
  1535 | D:2      | Killed Jessica
  1536 | D:2      | Reached XP level 4. HP: 25/25 MP: 6/6
  1536 | D:2      | Found Betecen's Weapon Shop.
  1556 | D:2      | 1556 ||| BUYING +0 arbalest of freezing (101 gold).
  1556 | D:2      | Bought a +0 arbalest of freezing for 101 gold pieces
  1556 | D:2      | 1556 ||| SWAPPING to +0 arbalest of freezing.
  1557 | D:2      | 1557 ||| DROPPING +1 shortbow.
  1577 | D:2      | Noticed Terence
  1580 | D:2      | Killed Terence
  1581 | D:2      | Reached skill level 8 in Ranged Weapons
  1707 | D:2      | 1707 ||| READING scroll labelled WOCRAA MUREL.
  1808 | D:2      | 1808 ||| DRINKING 2 fuming white potions.
  1809 | D:2      | 1809 ||| DROPPING potion of attraction.
  1976 | D:3      | Reached XP level 5. HP: 29/29 MP: 7/7
  2022 | D:3      | You fall into a shaft and drop 2 floors!
  2022 | D:5      | Entered Level 5 of the Dungeon
  2026 | D:5      | 2026 ||| Stepping ~*~*~tactically~*~*~ (outnumbered).
  2028 | D:5      | 2028 ||| Stepping ~*~*~tactically~*~*~ (outnumbered).
  2030 | D:5      | 2030 ||| Stepping ~*~*~tactically~*~*~ (outnumbered).
  2036 | D:5      | HP: 7/29 [gnoll sergeant/+2 spear of flaming (1)]
  2037 | D:5      | 2037 ||| READING 2 scrolls of teleportation.
  2039 | D:5      | Noticed an ogre
  2040 | D:5      | Reached skill level 9 in Ranged Weapons
  2043 | D:5      | Killed an ogre
  2044 | D:5      | Reached XP level 6. HP: 12/36 MP: 8/8
  2133 | D:5      | 2133 ||| READING 2 scrolls labelled DIUTRI LUF.
  2199 | D:5      | 2199 ||| READING 2 scrolls of identify.
  2199 | D:5      | 2199 ||| IDENTIFYING viscous cyan potion
  2200 | D:5      | 2200 ||| DROPPING potion of magic.
  2201 | D:5      | 2201 ||| DROPPING scroll of torment.
  2222 | D:4      | 2222 ||| FLEEEEING.
  2223 | D:4      | 2223 ||| STAIRDANCE
  2249 | D:3      | Noticed Ijyb
  2251 | D:3      | Killed Ijyb
  2257 | D:3      | 2257 ||| FLEEEEING.
  2258 | D:3      | 2258 ||| FLEEEEING.
  2259 | D:3      | 2259 ||| FLEEEEING.
  2269 | D:3      | 2269 ||| FLEEEEING.
  2270 | D:3      | 2270 ||| FLEEEEING.
  2271 | D:3      | 2271 ||| FLEEEEING.
  2272 | D:3      | 2272 ||| FLEEEEING.
  2274 | D:3      | 2274 ||| FLEEEEING.
  2275 | D:3      | 2275 ||| FLEEEEING.
  2276 | D:3      | 2276 ||| FLEEEEING.
  2277 | D:3      | 2277 ||| FLEEEEING.
  2278 | D:3      | 2278 ||| FLEEEEING.
  2279 | D:3      | 2279 ||| FLEEEEING.
  2280 | D:3      | 2280 ||| FLEEEEING.
  2281 | D:3      | 2281 ||| FLEEEEING.
  2282 | D:3      | 2282 ||| FLEEEEING.
  2283 | D:3      | 2283 ||| FLEEEEING.
  2284 | D:3      | 2284 ||| FLEEEEING.
  2285 | D:3      | 2285 ||| FLEEEEING.
  2286 | D:3      | 2286 ||| STAIRDANCE
  2345 | D:3      | Found a bloodstained altar of Trog.
  2354 | D:3      | Identified the +2 animal skin "Huugean" {+Inv rPois rF+
                  | Int-5}
  2615 | D:3      | Found a faded altar of an unknown god.
  2679 | D:3      | 2679 ||| UPGRADING to +2 animal skin "Huugean" {+Inv rPois
                  | rF+ Int-5}.
  2689 | D:3      | 2689 ||| READING scroll labelled LUGISMA YNID.
  2775 | D:4      | Reached skill level 3 in Dodging
  2823 | D:4      | Found a runed translucent door.
  2824 | D:4      | Noticed Crazy Yiuf
  2981 | D:4      | Reached skill level 10 in Ranged Weapons
  3223 | D:4      | Noticed a water moccasin
  3228 | D:4      | Killed a water moccasin
  3229 | D:4      | Reached XP level 7. HP: 40/40 MP: 9/9
  3310 | D:4      | 3310 ||| DROPPING +0 ring mail.
  3311 | D:4      | 3311 ||| UPGRADING to amulet of the acrobat.
  3316 | D:4      | 3316 ||| READING scroll labelled WOFOSI RIYC.
  3317 | D:4      | 3317 ||| DRINKING 3 puce potions.
  3318 | D:4      | 3318 ||| DRINKING 2 blue potions.
  3319 | D:4      | 3319 ||| DRINKING 3 inky potions.
  3426 | D:4      | 3426 ||| READING 2 scrolls of identify.
  3426 | D:4      | 3426 ||| IDENTIFYING purple potion
  3427 | D:4      | 3427 ||| DROPPING 2 potions of degeneration.
  3428 | D:4      | 3428 ||| DROPPING 2 potions of berserk rage.
  3653 | D:5      | 3653 ||| Stepping ~*~*~tactically~*~*~ (outnumbered).
  3661 | D:5      | HP: 10/40 [hound (3)]
  3662 | D:5      | 3662 ||| READING scroll of teleportation.
  3663 | D:5      | 3663 ||| DRINKING potion of heal wounds.
  3668 | D:5      | Found a staircase to the Ecumenical Temple.
  3669 | D:5      | 3669 ||| PLANNING TEMPLE
  3676 | Temple   | Entered the Ecumenical Temple
  3957 | Temple   | 3957 ||| PLANNING OKAWARU WORSHIP
  3969 | Temple   | Became a worshipper of Warmaster Okawaru
  3970 | Temple   | 3970 ||| PLANNING D:1-11
  4086 | D:5      | Reached skill level 11 in Ranged Weapons
  4226 | D:5      | 4226 ||| FLEEEEING.
  4227 | D:5      | 4227 ||| FLEEEEING.
  4334 | D:5      | Reached * piety under Okawaru
  4335 | D:5      | Reached XP level 8. HP: 36/45 MP: 10/10
  4338 | D:5      | Reached skill level 12 in Ranged Weapons
  4339 | D:5      | 4339 ||| INVOKING Heroism.
  4350 | D:5      | HP: 11/45 [orc/+0 hand axe (1)]
  4351 | D:5      | 4351 ||| READING scroll of teleportation.
  4611 | D:5      | Reached skill level 3 in Fighting
  4741 | D:5      | 4741 ||| READING 4 scrolls labelled DOACAU TEUCY.
  4742 | D:5      | 4742 ||| DROPPING 3 scrolls of noise.
  4832 | D:6      | Found a radiant altar of Vehumet.
  4839 | D:6      | Found an opulent altar of Gozag.
  5057 | D:6      | 5057 ||| FLEEEEING.
  5067 | D:6      | 5067 ||| STAIRDANCE
  5139 | D:5      | 5139 ||| UPGRADING to amulet of regeneration.
  5149 | D:5      | 5149 ||| DROPPING amulet of the acrobat.
  5150 | D:5      | 5150 ||| READING 2 scrolls of identify.
  5150 | D:5      | 5150 ||| IDENTIFYING sapphire potion
  5465 | D:6      | Found a shimmering blue altar of Sif Muna.
  5488 | D:6      | 5488 ||| UPGRADING to +6 ring of dexterity.
  5577 | D:7      | 5577 ||| Stepping ~*~*~tactically~*~*~ (outnumbered).
  5580 | D:7      | 5580 ||| Stepping ~*~*~tactically~*~*~ (outnumbered).
  5583 | D:7      | 5583 ||| INVOKING Heroism.
  5596 | D:7      | Reached skill level 6 in Dodging
  5600 | D:7      | 5600 ||| FLEEEEING.
  5602 | D:7      | 5602 ||| FLEEEEING.
  5603 | D:7      | 5603 ||| FLEEEEING.
  5604 | D:7      | 5604 ||| FLEEEEING.
  5605 | D:7      | 5605 ||| FLEEEEING.
  5606 | D:7      | 5606 ||| FLEEEEING.
  5607 | D:7      | 5607 ||| FLEEEEING.
  5608 | D:7      | 5608 ||| FLEEEEING.
  5711 | D:7      | 5711 ||| DRINKING potion of curing.
  5711 | D:7      | 5711 ||| (to cure confusion)
  5713 | D:7      | Reached skill level 1 in Invocations
  5731 | D:7      | Reached skill level 13 in Ranged Weapons
  5820 | D:7      | Reached skill level 3 in Invocations
  5939 | D:7      | Found a shadowy altar of Dithmenos.
  6079 | D:7      | 6079 ||| DRINKING 2 viscous white potions.
  6079 | D:7      | Gained mutation: You expend magic power (3 MP) to
                  | strengthen your wands. [potion of mutation]
  6079 | D:7      | Gained mutation: You have a beak for a mouth. [potion of
                  | mutation]
  6079 | D:7      | Gained mutation: Your spells are a little harder to cast,
                  | but a little more powerful. [potion of mutation]
  6079 | D:7      | Gained mutation: Your flesh is heat resistant. (rF+)
                  | [potion of mutation]
  6080 | D:7      | 6080 ||| READING 2 scrolls of identify.
  6080 | D:7      | 6080 ||| IDENTIFYING green potion
  6113 | D:8      | 6113 ||| INVOKING Heroism.
  6118 | D:8      | Reached XP level 9. HP: 28/50 MP: 10/13
  6118 | D:8      | Noticed Maggie
  6121 | D:8      | 6121 ||| STAIRDANCE
  6121 | D:8      | HP: 11/50 [orc/+4 whip (4)]
  6123 | D:7      | HP: 1/50 [something/magic dart (5)]
  6123 | D:7      | Slain by an orc

Levels and vault maps discovered:
D:1:      nicolae_arrival_somewhat_less_tricky_arrival, layout_loops_cross
D:2:      mumra_celtic_spiral_tile, layout_basic, basic_altar, serial_shops,
          shop, chequers_decorated_corner, uniq_jessica, uniq_terence
D:3:      layout_rooms, bloody_trog, shapermc_ecumenical_altar_hornbeckon,
          hangedman_decor_points, uniq_ijyb
D:4:      layout_loops_ring, uniq_crazy_yiuf_cottage
D:5:      layout_loops_ring, temple_green, serial_demonic, serial_demonic_d,
          serial_demonic_b, serial_demonic_f, serial_demonic_e
D:6:      layout_basic, old_standard_altar,
          chequers_temple_overflow_statue_of_worship
D:7:      layout_basic, nicolae_dithmenos_through_a_glass_darkly, nicolae_titane
D:8:      layout_rooms, nemelex_spade_bored_becter, uniq_maggie
Temple:   minmay_temple_forest_path

Skill      XL: |  1  2  3  4  5  6  7  8  9 |
---------------+----------------------------+-----
Ranged Weapons | 6 7 8 9 10 11 13 | 13.0
Fighting       | 2 3 |  3.1
Dodging        | 4 6 7 |  7.1
Invocations    | 3 |  3.9
Stealth        | |  1.2

Action                     |  1- 3 |  4- 6 |  7- 9 || total
---------------------------+-------+-------+-------++-------
   Fire: Shortbow          |    96 |     5 |       ||   101
         Arbalest          |       |   136 |   203 ||   339
 Invoke: Heroism           |       |       |     3 ||     3
    Use: Scroll            |     4 |     5 |     7 ||    16
         Potion            |     2 |     1 |     6 ||     9
 Armour: Leather armour    |     9 |       |       ||     9
         Ring mail         |     1 |    13 |       ||    14
         Animal skin       |       |     5 |    45 ||    50
  Dodge: Dodged            |    25 |    46 |   135 ||   206

Table legend:
 A = Non-vault XP
 B = Vault XP
 C = Vault XP percentage of total XP
 D = Non-vault monster count
 E = Vault monster count
 F = Vault count percentage of total count
                 A         B        C        D         E       F
            +---------+---------+-------+---------+---------+-------
      Total |    2769 |     192 |   6.5 |     155 |       8 |   4.9
            +---------+---------+-------+---------+---------+-------
        D:1 |      47 |       0 |   0.0 |      26 |       0 |   0.0
        D:2 |      36 |      73 |  67.0 |      13 |       2 |  13.3
        D:3 |     123 |      35 |  22.2 |      26 |       1 |   3.7
        D:4 |     314 |       0 |   0.0 |      23 |       0 |   0.0
        D:5 |     837 |      84 |   9.1 |      35 |       5 |  12.5
        D:6 |     229 |       0 |   0.0 |       6 |       0 |   0.0
        D:7 |     905 |       0 |   0.0 |      23 |       0 |   0.0
        D:8 |     278 |       0 |   0.0 |       3 |       0 |   0.0
            +---------+---------+-------+---------+---------+-------
